[Event "Early-Titled-Tuesday-Blitz-April-23-2024"]
[Site "Chess.com"]
[Date "2024.04.23"]
[Round "3"]
[White "SpongeBob_03"]
[Black "Kotofeyca"]
[Result "0-1"]
[WhiteElo "2267"]
[BlackElo "2482"]
[TimeControl "180+1"]
[EndTime "8:30:51 PDT"]
[Termination "Kotofeyca won by resignation"]

1. Nf3 d5 2. e3 c6 3. c4 Nf6 4. b3 Bg4 5. Bb2 Nbd7 6. h3 Bh5 7.
d3 e6 8. Nbd2 Bc5 9. Be2 Qe7 10.
a3 a5 11. d4 Bd6 12. c5 Bc7 13. b4 axb4 14. axb4 O-O 15. O-O e5 16. Nxe5 Nxe5 17. Bxh5 Nd3 18. Bc3 Rxa1 19. Bxa1 Nxb4 20. Bf3 b5 21. cxb6 Bxb6 22. Qb3 Bc7 23. Bc3 Rb8 24. Rb1 Bd6 25. Qa4 Rb6 26. Qa8+ Rb8 27. Qa5 g6 28.
Be2 h5 29. Qa4 Rb6 30. Bxb4 Bxb4 31. Qa8+ Kg7 32. Nf1 Qc7 33. Ng3 Bd6 34. Rxb6 Qxb6 35. Qa1 Bxg3 36. fxg3 Qb3 37. Qc1 Ne4 38. g4 h4 39. Kh2 g5 40. Bf3 Ng3 41. Qe1 Qd3 42. Kg1 Kf6 43. Kf2 Ke6 44. Kg1 Kd6 45. Kf2 Kd7 46.
Kg1 Qc2 47. Kh2 f6 48. Kg1 Qd3 49. Kf2 Ne4+ 50. Bxe4 Qxe4 51. Kg1 Qc2 52. Qf1 Ke7 53. Qa6 Qc1+ 54. Kh2 Qxe3 55. Qb7+ Kf8 56. Qc8+ Kf7 57. Qf5 Qf4+ 58. Qxf4 gxf4 59. Kg1 Ke6 60. Kf2 Kd6 61. Kf3 c5 62. dxc5+ Kxc5 63. Kxf4 d4 64. g3 hxg3 65. Kxg3 d3 66. h4 Kd4 67. h5 d2 68. h6 d1=Q 69. Kf4 Qh1 70. g5 Qh4+ 71.
Kf5 Qxg5+ 0-1

[Event "Early-Titled-Tuesday-Blitz-April-23-2024"]
[Site "Chess.com"]
[Date "2024.04.23"]
[Round "3"]
[White "Evgeny81"]
[Black "SpeedofLight0"]
[Result "1-0"]
[WhiteElo "2798"]
[BlackElo "3071"]
[TimeControl "180+1"]
[EndTime "8:30:53 PDT"]
[Termination "Evgeny81 won by resignation"]

1. c4 d6 2. d4 g6 3. e4 Bg7 4.
Nc3 Nc6 5. d5 Nb8 6. Nf3 e5 7.
Be2 Ne7 8. h4 h6 9. h5 g5 10.
Nh2 f5 11. exf5 Bxf5 12. Bd3 Nd7 13. Be3 O-O 14. Qc2 e4 15. Bxe4 Ne5 16. b3 Bxe4 17. Qxe4 Nf3+ 18. Nxf3 Bxc3+ 19. Ke2 Bxa1 20. Qe6+ Kh7 21.
Rxa1 Nf5 22. Qg6+ Kh8 23. Nd4 Qe8 24. Ne6 Qxg6 25. hxg6 Rf6 26. Nxc7 Rc8 27. Ne6 Rxg6 28. Bxa7 Kg8 29. g4 Ng7 30. Nxg7 Rxg7 31. Be3 Re7 32. Kd3 Kg7 33. a4 Kg6 34. a5 Ra8 35. b4 Rd7 36. b5 Kf7 37. a6 bxa6 38. bxa6 Ke8 39. a7 Kd8 40. Rh1 Rh7 41. Bxg5+ Kc7 42. Be3 Rg8 43. g5 h5 44. Rh4 Kb7 45. f4 Rf8 46. g6 Rg7 47. Rxh5 Rxg6 48. Rh7+ Ka8 49. Re7 Rg3 50.
Re6 Rd8 51. Kd4 Rg7 52. f5 Rg4+ 53. Re4 Rg7 54. f6 Rf7 55. Re6 Kxa7 56. Ke4+ Kb7 57.
Kf5 Kc7 58. Bg5 Rdd7 59. Kg6 Rf8 60. Kf5 Rg8 61. Bf4 Rh8 62. c5 Rh5+ 63. Ke4 Rh4 64. Kf5 Rh5+ 65. Ke4 Rh4 66. Ke3 Rh3+ 67. Kf2 Rh4 68.
Bxd6+ Kc8 69. Kf3 Rh8 70. c6 Rf7 71. Kf4 Rd8 72. Ke5 Rh7 73. Re7 Rh5+ 74. Ke6 Rg8 75. Rc7+ Kd8 76. Rg7 Re8+ 77. Be7+ Kc7 78. f7 Rh6+ 79. Kf5 Rhh8 80. fxe8=Q Rxe8 81. Ke6 Kb6 82. d6 Kxc6 83. d7 Rh8 84. d8=Q Rxd8 85. Bxd8 Kb5 86. Bf6 1-0

[Event "Early-Titled-Tuesday-Blitz-April-23-2024"]
[Site "Chess.com"]
[Date "2024.04.23"]
[Round "3"]
[White "sathvikadiga"]
[Black "ccccvhhhj"]
[Result "0-1"]
[WhiteElo "2614"]
[BlackElo "2465"]
[TimeControl "180+1"]
[EndTime "8:30:56 PDT"]
[Termination "ccccvhhhj won by checkmate"]

1. e4 e6 2. d4 d5 3. Nc3 Bb4 4. e5 c5 5. a3 Bxc3+ 6. bxc3 Ne7 7. Qg4 Kf8 8. Nf3 Qa5 9. Bd2 Qa4 10. Kd1 Nbc6 11. h4 b6 12. h5 h6 13. Rh4 Ba6 14.
Bxa6 Qxa6 15. Rh3 Rc8 16. Rc1 Qc4 17. Qf4 Qf1+ 18. Ne1 Ke8 19. Rg3 Nf5 20. Rf3 Rf8 21.
g4 Nfe7 22. g5 Nf5 23. Be3 cxd4 24. Bxd4 Ncxd4 25. cxd4 Qh1 26. Kd2 Qxh5 27. gxh6 Qxh6 28. Qxh6 Nxh6 29. c3 Ke7 30. Nd3 Nf5 31. Rh1 Rh8 32. Rfh3 Rxh3 33. Rxh3 Nh6 34. Rh1 Nf5 35. a4 g5 36. a5 bxa5 37. Ra1 Kf8 38. Rxa5 Rc7 39. Nc5 Kg7 40. Ke2 Kg6 41. Ra1 Nh6 42. Kf3 Nf5 43. Rh1 a5 44. Ra1 Ra7 45. Ra3 Nh4+ 46. Kg4 Ng2 47. Nb3 a4 48. Nc5 Nf4 49. Kf3 Nh5 50.
Nxa4 Kf5 51. Ra2 g4+ 52. Kg2 Nf4+ 53. Kg3 Nd3 54. Rd2 Nc1 55. Nc5 Ra1 56. Kg2 Ra5 57.
f3 Na2 58. Rf2 Nxc3 59. fxg4+ Kxg4 60. Rf6 Ra7 61. Kf1 Ne4 62. Rxf7 Nxc5 63. Rb7 Rxb7 64. dxc5 Rc7 65. c6 Rxc6 66. Ke2 Rc4 67. Ke3 Re4+ 68. Kd3 Rxe5 69. Kd4 Re4+ 70. Kc5 Re1 71. Kd6 d4 72. Ke7 d3 73. Kf6 e5 74. Kg6 e4 75.
Kf7 e3 76. Ke6 e2 77. Ke5 d2 78. Ke4 Rf1 79. Ke3 e1=Q+ 80. Kd4 d1=Q+ 81. Kc4 Rf4+ 82.
Kc5 Qe5+ 83. Kc6 Qdd6+ 84. Kb7 Rf7+ 85. Kc8 Qe8# 0-1

[Event "Early-Titled-Tuesday-Blitz-April-23-2024"]
[Site "Chess.com"]
[Date "2024.04.23"]
[Round "3"]
[White "GrotBchess"]
[Black "NoVabbeSeiUnGenio"]
[Result "1/2-1/2"]
[WhiteElo "2468"]
[BlackElo "2634"]
[TimeControl "180+1"]
[EndTime "8:31:16 PDT"]
[Termination "Game drawn - insufficient material"]

1. e4 g6 2. d4 Bg7 3. c3 Nf6 4.
Bd3 O-O 5. Qe2 c5 6. Nf3 d5 7. e5 Ne4 8. Bxe4 dxe4 9. Qxe4 Bf5 10. Qe3 Nc6 11. O-O cxd4 12. cxd4 Nb4 13. Na3 Rc8 14.
Bd2 Nd5 15. Qe2 Qb6 16. Nc4 Qa6 17. Rfc1 Rfd8 18. h3 h6 19. Qf1 Be6 20. Ne3 Qb6 21. Nc4 Qa6 22. Ne3 Rxc1 23. Qxc1 Rc8 24. Qd1 Qd3 25.
Nxd5 Bxd5 26. Bc3 Qf5 27. a3 h5 28. Qe2 g5 29. Nd2 Qg6 30. Nf1 b6 31. Ne3 Bb7 32.
Rd1 e6 33. d5 exd5 34. Nxd5 Re8 35. Qb5 Bc6 36. Qc4 Bxe5 37. Bxe5 Rxe5 38. Ne3 Qe4 39. Rd8+ Kg7 40. Qxe4 Bxe4 41. Rd7 a5 42. Rd6 b5 43. Rb6 Rc5 44. Kf1 Rc1+ 45. Ke2 Rc5 46. f3 Bg6 47. g3 f6 48. b4 axb4 49. axb4 Rc3 50. Rxb5 Bd3+ 51. Kd2 Rb3 52. Rd5 Bg6 53. Rd7+ Bf7 54.
Rd4 Rb2+ 55. Kc3 Rb3+ 56. Kd2 Kf8 57. h4 gxh4 58. Rxh4 Rb2+ 59. Kc3 Rb3+ 60. Kd2 Rb2+ 61.
Kc3 Rf2 62. Rf4 Ra2 63. Rxf6 Ke7 64. Rf4 Ra3+ 65. Kd4 Rb3 66. Nd5+ Kf8 67. Ke5 Kg7 68. Nb6 Re3+ 69. Kd6 Re6+ 70. Kc5 Re5+ 71. Kd4 Rb5 72. Nc4 Rxb4 73. Kc5 Rb1 74. Ne5 Rc1+ 75. Kd6 Be8 76. Ke7 Bb5 77. Kd6 Be8 78. Ke7 Bg6 79. Kd6 Rd1+ 80. Ke7 Re1 81. Kd6 Be8 82. Re4 Rd1+ 83.
Ke7 Bg6 84. Nxg6 Kxg6 85. Ke6 Ra1 86. Rf4 Ra2 87. Ke5 Ra5+ 88. Ke4 Ra3 89. Kd4 Rb3 90.
Ke5 Kg5 91. Ke4 Rb4+ 92. Ke5 Rxf4 93. gxf4+ Kg6 94. f5+ Kf7 95. Kf4 Kf6 96. Kg3 Kxf5 97. Kh4 Kf4 98. Kxh5 Kxf3 1/2-1/2

[Event "Early-Titled-Tuesday-Blitz-April-23-2024"]
[Site "Chess.com"]
[Date "2024.04.23"]
[Round "3"]
[White "Silent-Killer100"]
[Black "Rakhmanov_Aleksandr"]
[Result "0-1"]
[WhiteElo "2610"]
[BlackElo "2870"]
[TimeControl "180+1"]
[EndTime "8:31:29 PDT"]
[Termination "Rakhmanov_Aleksandr won by resignation"]

1. e4 c5 2. Nf3 Nf6 3. e5 Nd5 4. d4 cxd4 5. Qxd4 e6 6. Bc4 Nc6 7. Qd2 Nde7 8. O-O Ng6 9. Re1 Nh4 10.
Nc3 Nxf3+ 11. gxf3 d6 12. exd6 Bxd6 13. Rd1 Bxh2+ 14. Kxh2 Qh4+ 15. Kg2 Qxc4 16. Qd6 Qb4 17. Ne4 Qxd6 18. Nxd6+ Ke7 19. b3 Rd8 20. Ba3 Kf6 21. Ne4+ Kg6 22. Rxd8 Nxd8 23. Rg1 h6 24. Kf1+ Kh7 25.
Bf8 g5 26. Rh1 f5 27. Nxg5+ Kg8 28. Bxh6 Nf7 29. Nxf7 Kxf7 30. Rg1 e5 31. Rg7+ Kf6 32.
Rc7 b6 33. c4 Ke6 34. Ke2 Bd7 35. Bg7 e4 36. fxe4 fxe4 37. Ke3 Rg8 38. Bd4 a6 39.
Bxb6 Rg1 40. Kxe4 Ra1 41. c5 Rxa2 42. c6 Be8 43. Bc5 Bg6+ 44. Ke3 Kd5 45. Bd4 Rc2 46.
Rg7 Bf5 47. c7 Kd6 48. f3 Bd7 49. Kf4 Kxc7 50. Be5+ Kc8 51. Rg6 Bb5 52. Rb6 Kd7 53.
Rb7+ Ke6 54. b4 Rc4+ 55. Ke3 Kxe5 56. Rb8 Rxb4 57. Rd8 Rb3+ 58. Kf2 Rb4 59. Ke3 Rb2 60.
f4+ Ke6 61. Rf8 Ke7 62. Rh8 Rb3+ 63. Ke4 Rb4+ 64. Ke5 Rb1 65. Rh7+ Kf8 66. Kf6 Ke8 67. f5 Rf1 68. Ra7 Bd3 69. Ke6 Bxf5+ 70. Kd6 Bd3 71. Ke6 Bc4+ 72. Kd6 Bb5 73. Ke6 Re1+ 74. Kd6 Kf8 75.
Rb7 Re2 76. Ra7 Rf2 77. Ke6 Rh2 78. Kf6 Rh6+ 79. Kg5 Rc6 80. Kf5 Ke8 81. Ke5 Kd8 82. Kd5 Rh6 83. Ke5 Kc8 84. Kd5 Kb8 85. Rg7 Rc6 86. Rf7 Rc8 87. Re7 a5 88. Kd6 a4 89.
Re5 Be8 90. Ra5 Kb7 91. Re5 Kb6 92. Re1 Bb5 93. Rb1 Rd8+ 0-1

[Event "Early-Titled-Tuesday-Blitz-April-23-2024"]
[Site "Chess.com"]
[Date "2024.04.23"]
[Round "3"]
[White "ChessboArt"]
[Black "tomesao"]
[Result "1-0"]
[WhiteElo "2325"]
[BlackElo "2502"]
[TimeControl "180+1"]
[EndTime "8:32:22 PDT"]
[Termination "ChessboArt won by resignation"]

1. Nf3 d5 2. g3 Nf6 3. Bg2 c6 4. b3 Bg4 5. Bb2 e6 6. d3 Nbd7 7. Nbd2 Be7 8. O-O O-O 9. c4 h6 10. Qc2 a5 11. a3 Rc8 12. Rfe1 Re8 13. Bc3 c5 14. e3 Bd6 15. Qb2 Qb6 16. Rab1 Bh5 17. b4 cxb4 18. axb4 axb4 19. Bxb4 Bxb4 20. Qxb4 Qxb4 21. Rxb4 Nc5 22. Ne5 dxc4 23. Ndxc4 Rc7 24.
d4 Nce4 25. Reb1 Ra8 26. h3 Be2 27. Rxb7 Rxb7 28. Rxb7 Ra1+ 29. Kh2 Nxf2 30. Nd6 Nd5 31. Ndxf7 Ra8 32. Nd6 Nd3 33. Nxd3 Bxd3 34. e4 Ne3 35.
Bf3 Ra2+ 36. Kg1 Nc4 37. Nxc4 Bxc4 38. d5 Ra3 39. Kf2 Ra2+ 40. Ke3 Ra3+ 41. Kd4 Ba2 42. Bg4 exd5 43. exd5 Ra4+ 44. Ke5 Ra5 45. Be6+ Kf8 46. Rb8+ Ke7 47. Rg8 g5 48. Rg7+ Kf8 49. Rh7 Ke8 50. Rxh6 Ra3 51. Rh8+ Ke7 52. Rh7+ Kf8 53. Rh8+ Kg7 54.
Rg8+ Kh7 55. Rxg5 Re3+ 56. Kd6 Re2 57. h4 Rd2 58. Ke7 Kh6 59. d6 Re2 60. d7 Rxe6+ 61.
Kd8 Re2 62. Kc8 Be6 63. Rc5 Rd2 64. Rc7 Kh5 65. Kd8 Bxd7 66. Rxd7 Rg2 67. Rg7 Kh6 68. Rg5 Rd2+ 69. Ke7 Re2+ 70. Kf6 Rf2+ 71. Ke5 Rf8 72. Ke4 Rf7 73. Rg4 Rf8 74. Rf4 Rg8 75. Kf3 Kh5 76. Rf5+ Kh6 77. Kf4 Rb8 78. Kg4 Rb4+ 79. Rf4 Rb5 80.
Rf6+ Kg7 81. Rc6 Rb4+ 82. Kh5 Kh7 83. g4 Rb7 84. g5 Kg7 85. Rd6 Kh7 86. Rh6+ Kg7 87.
Rc6 Kh7 88. Rc4 Kg7 89. Kg4 Rb2 90. h5 Rg2+ 91. Kf5 Rf2+ 92. Rf4 Rh2 93. h6+ Kh7 94.
Kf6 Ra2 95. Rc4 Ra6+ 96. Kf5 Ra5+ 97. Kg4 Kg6 98. Rc6+ Kh7 99. Kh5 Rb5 100. Rc7+ Kh8 101. Kg6 Rb6+ 102. Kf5 Rb5+ 103. Kg4 Ra5 104. Kh5 Rb5 105. Rf7 Ra5 106. Rf8+ Kh7 107. Rf6 Kh8 108. Rb6 Rc5 109. Kg6 Rc8 110. Rd6 Rg8+ 111. Kf6 Rf8+ 112. Ke7 Rf5 113.
g6 Re5+ 114. Kf6 Re8 115. Rd7 Ra8 116. g7+ Kh7 117. Kf7 Rb8 118. Re7 Rc8 119. Re8 Rc7+ 120. Kf8 Rf7+ 121. Kxf7 Kxh6 122. g8=Q 1-0

[Event "Early-Titled-Tuesday-Blitz-April-23-2024"]
[Site "Chess.com"]
[Date "2024.04.23"]
[Round "4"]
[White "mr65"]
[Black "jinxy2009"]
[Result "0-1"]
[WhiteElo "1959"]
[BlackElo "2300"]
[TimeControl "180+1"]
[EndTime "8:33:49 PDT"]
[Termination "jinxy2009 won by resignation"]

1. e4 e5 2. d4 exd4 3. c3 d5 4.
exd5 Qxd5 5. cxd4 Nc6 6. Nf3 Bg4 7. Be2 Bb4+ 8. Nc3 Bxf3 9. Bxf3 Qc4 10. Qe2+ Qxe2+ 11. Kxe2 Nxd4+ 12. Ke3 Nc2+ 0-1

[Event "Early-Titled-Tuesday-Blitz-April-23-2024"]
[Site "Chess.com"]
[Date "2024.04.23"]
[Round "4"]
[White "Der_Balak_3Halak"]
[Black "PawnEatingZombie"]
[Result "1-0"]
[WhiteElo "2442"]
[BlackElo "2226"]
[TimeControl "180+1"]
[EndTime "8:34:15 PDT"]
[Termination "Der_Balak_3Halak won by checkmate"]

1. b3 f6 2. Bb2 e5 3. e4 Nh6 4. Bc4 g6 5. f4 d6 6. Nf3 Bg7 7. O-O Qe7 8. fxe5 dxe5 9. d4 Nf7 10. dxe5 Nxe5 11. Nxe5 fxe5 12. Ba3 Qg5 13. Bf7# 1-0

[Event "Early-Titled-Tuesday-Blitz-April-23-2024"]
[Site "Chess.com"]
[Date "2024.04.23"]
[Round "4"]
[White "MikeSailer"]
[Black "kidagent"]
[Result "0-1"]
[WhiteElo "2166"]
[BlackElo "2340"]
[TimeControl "180+1"]
[EndTime "8:34:19 PDT"]
[Termination "kidagent won by resignation"]

1. b4 d5 2. Bb2 Bf5 3. Nf3 e6 4. g3 Nf6 5. a3 c5 6. bxc5 Bxc5 7. Bg2 Qb6 8. O-O Qxb2 9. Nc3 Qb6 10. Na4 Qc7 11.
Rb1 b6 12. Nh4 Bxc2 13. Qc1 Bxa4 0-1

[Event "Early-Titled-Tuesday-Blitz-April-23-2024"]
[Site "Chess.com"]
[Date "2024.04.23"]
[Round "4"]
[White "kekic76"]
[Black "tomesao"]
[Result "1-0"]
[WhiteElo "2349"]
[BlackElo "2491"]
[TimeControl "180+1"]
[EndTime "8:34:33 PDT"]
[Termination "kekic76 won by resignation"]

1. d4 d5 2. c4 c6 3. cxd5 cxd5 4.
Nc3 Nc6 5. Nf3 Nf6 6. Bf4 a6 7. e3 Bf5 8. Bd3 Bxd3 9. Qxd3 e6 10. O-O Bd6 11. Bxd6 Qxd6 12. a3 O-O 13. b4 Rfc8 14. Na4 b5 15. Nb6 Nxb4 16. Nxc8 1-0

[Event "Early-Titled-Tuesday-Blitz-April-23-2024"]
[Site "Chess.com"]
[Date "2024.04.23"]
[Round "4"]
[White "Smoking_Crow"]
[Black "SHIVACalypso"]
[Result "0-1"]
[WhiteElo "2638"]
[BlackElo "2449"]
[TimeControl "180+1"]
[EndTime "8:34:59 PDT"]
[Termination "SHIVACalypso won by resignation"]

1. c4 c5 2. Nc3 g6 3. Nf3 Nc6 4.
g3 Bg7 5. Bg2 e6 6. O-O Nge7 7.
e3 O-O 8. d4 cxd4 9. exd4 d5 10. c5 Nf5 11. Ne2 b6 12. cxb6 Qxb6 13. b3 Nfxd4 14. Nexd4 Nxd4 15. Nxd4 Bxd4 16. Bh6 Ba6 17. Bxf8 Bxf1 18. Bxf1 Bxa1 19. Qxa1 Rxf8 20. h4 d4 21. Bd3 Rd8 22. Qd1 Qc5 23. Kh2 Qe5 24. Qf3 Rc8 0-1

[Event "Early-Titled-Tuesday-Blitz-April-23-2024"]
[Site "Chess.com"]
[Date "2024.04.23"]
[Round "4"]
[White "SmirnovTimofey2000"]
[Black "ZachHKL"]
[Result "0-1"]
[WhiteElo "1979"]
[BlackElo "2301"]
[TimeControl "180+1"]
[EndTime "8:35:15 PDT"]
[Termination "ZachHKL won by resignation"]

1. d4 Nf6 2. Bf4 e6 3. e3 d5 4. Nd2 c5 5. c3 Nc6 6. Ngf3 Qb6 7. Qb3 c4 8. Qc2 Nh5 9. Bg3 Nxg3 10. hxg3 h6 11. b3 cxb3 12. axb3 Bd7 13. c4 Rc8 14. c5 Qb4 15. Ra4 Nxd4 16. Kd1 Qxa4 17. bxa4 Nxc2 18.
Kxc2 Bxa4+ 19. Kb2 Bxc5 20. Nb3 Bb4 21. Nfd4 e5 22. Bb5+ Bxb5 23. Nxb5 a6 24. Nc3 Rxc3 0-1

[Event "Early-Titled-Tuesday-Blitz-April-23-2024"]
[Site "Chess.com"]
[Date "2024.04.23"]
[Round "4"]
[White "whiteglovethief"]
[Black "A4RookA3"]
[Result "1-0"]
[WhiteElo "2589"]
[BlackElo "2379"]
[TimeControl "180+1"]
[EndTime "8:35:51 PDT"]
[Termination "whiteglovethief won by resignation"]

1. d4 d5 2. c4 e6 3. Nf3 a6 4. Bg5 Be7 5. Bxe7 Qxe7 6. Nbd2 Nf6 7. g3 b6 8. Bg2 Bb7 9. O-O c5 10. cxd5 exd5 11. dxc5 bxc5 12. Nb3 Qc7 13. Rc1 Nbd7 14. Nxc5 Nxc5 15. b4 Nfe4 16. bxc5 Nxc5 17. Qd4 Rc8 18. Qxg7 1-0

[Event "Early-Titled-Tuesday-Blitz-April-23-2024"]
[Site "Chess.com"]
[Date "2024.04.23"]
[Round "4"]
[White "Mikhail_Bryakin"]
[Black "Ginger_GM"]
[Result "0-1"]
[WhiteElo "2852"]
[BlackElo "2665"]
[TimeControl "180+1"]
[EndTime "8:35:52 PDT"]
[Termination "Ginger_GM won by resignation"]

1. e4 c5 2. Nc3 Nc6 3. Bb5 Nd4 4. Bc4 Nf6 5. Nge2 a6 6. O-O b5 7. Bd5 Rb8 8. Nxd4 cxd4 9. Ne2 d3 10. cxd3 Nxd5 11.
exd5 Bb7 12. Nf4 Qc7 13. Qg4 h5 14. Qh4 g5 15. Qxg5 Bh6 16. Qxh5 Qxf4 17. b3 Bg7 0-1

[Event "Early-Titled-Tuesday-Blitz-April-23-2024"]
[Site "Chess.com"]
[Date "2024.04.23"]
[Round "4"]
[White "UK_23"]
[Black "Bada_norovsambuu"]
[Result "1-0"]
[WhiteElo "2486"]
[BlackElo "2222"]
[TimeControl "180+1"]
[EndTime "8:36:00 PDT"]
[Termination "UK_23 won by resignation"]

1. e4 c6 2. Nc3 d5 3. Nf3 dxe4 4. Nxe4 Nf6 5. Qe2 Bf5 6. Nxf6+ gxf6 7. d4 Nd7 8. c3 e6 9. Nh4 Bg6 10. g3 Bd6 11.
Bg2 Qc7 12. a4 Nb6 13. a5 Nd5 14. a6 b6 15. Bh6 Rg8 16. O-O Qc8 17. Rfe1 Ne7 18.
c4 Bb4 19. Red1 Nf5 20. Nxf5 Bxf5 21. d5 cxd5 22. cxd5 Rg6 23. Qb5+ Qd7 24. Qxb4 Rxh6 25. dxe6 1-0

[Event "Early-Titled-Tuesday-Blitz-April-23-2024"]
[Site "Chess.com"]
[Date "2024.04.23"]
[Round "4"]
[White "JaackCamel"]
[Black "ljuks68"]
[Result "0-1"]
[WhiteElo "2196"]
[BlackElo "2387"]
[TimeControl "180+1"]
[EndTime "8:36:09 PDT"]
[Termination "ljuks68 won by resignation"]

1. d4 d5 2. c4 c6 3. cxd5 cxd5 4.
Bf4 Nf6 5. e3 Nc6 6. Nc3 Bf5 7.
Qb3 Na5 8. Qa4+ Bd7 9. Qc2 e6 10. Bd3 Nc6 11. a3 Nh5 12. Nge2 Nxf4 13. Nxf4 h6 14.
O-O Bd6 15. Nfe2 O-O 16. Ng3 Rc8 17. Qe2 Na5 18. Rac1 Nc4 19. Bxc4 Rxc4 20. Nb1 b5 21.
Nd2 Rc7 22. Nb3 b4 23. Nc5 Bxc5 24. Rxc5 Rxc5 25. dxc5 bxa3 26. bxa3 Qa5 27. e4 Bb5 28. Qg4 Bxf1 29. Nxf1 0-1

[Event "Early-Titled-Tuesday-Blitz-April-23-2024"]
[Site "Chess.com"]
[Date "2024.04.23"]
[Round "4"]
[White "Skatchkov_V"]
[Black "YouShallNotPass001"]
[Result "1-0"]
[WhiteElo "2665"]
[BlackElo "2434"]
[TimeControl "180+1"]
[EndTime "8:36:11 PDT"]
[Termination "Skatchkov_V won by resignation"]

1. d4 Nf6 2. c4 e6 3. Nf3 d5 4. g3 a6 5. Bg2 dxc4 6. Ne5 Ra7 7. a4 c5 8. Nxc4 Qxd4 9. Qc2 Nc6 10. O-O Nb4 11. Qb3 Be7 12. Rd1 Qg4 13. Nc3 O-O 14. Be3 Bd7 15. Ne5 1-0

[Event "Early-Titled-Tuesday-Blitz-April-23-2024"]
[Site "Chess.com"]
[Date "2024.04.23"]
[Round "4"]
[White "Evgeny81"]
[Black "Anton_Demchenko"]
[Result "0-1"]
[WhiteElo "2794"]
[BlackElo "2979"]
[TimeControl "180+1"]
[EndTime "8:36:25 PDT"]
[Termination "Anton_Demchenko won by resignation"]

1. Nf3 Nf6 2. d4 d6 3. c4 Nc6 4. Nc3 e5 5. d5 Ne7 6. e4 Ng6 7. h3 Be7 8. Be3 Bd7 9. Qc2 c6 10. O-O-O cxd5 11. cxd5 O-O 12. h4 Rc8 13. h5 Nf4 14. h6 g6 15. Kb1 Nxe4 16. Bxf4 Nxc3+ 17. bxc3 exf4 18. Nd4 Bf6 19. Be2 Qa5 20. Rd3 Bxd4 21.
Rxd4 Bf5 22. Bd3 Rxc3 0-1

[Event "Early-Titled-Tuesday-Blitz-April-23-2024"]
[Site "Chess.com"]
[Date "2024.04.23"]
[Round "4"]
[White "InitiatingASC"]
[Black "Bilan_Danila"]
[Result "0-1"]
[WhiteElo "2358"]
[BlackElo "2551"]
[TimeControl "180+1"]
[EndTime "8:36:26 PDT"]
[Termination "Bilan_Danila won by resignation"]

1. d4 d5 2. c4 c6 3. Nf3 Nf6 4. g3 Bf5 5. Bg2 e6 6. O-O h6 7. b3 Nbd7 8. Bb2 Bd6 9. Nbd2 Qe7 10. Ne5 O-O 11. Nxd7 Qxd7 12. f3 Bh7 13. e4 dxe4 14.
fxe4 e5 15. dxe5 Bc5+ 16. Kh1 Ng4 17. Bh3 Nf2+ 18. Rxf2 Qxh3 19. Rf1 Rad8 20. Bc3 Rxd2 21. Bxd2 Bxe4+ 22. Rf3 Rd8 0-1

[Event "Early-Titled-Tuesday-Blitz-April-23-2024"]
[Site "Chess.com"]
[Date "2024.04.23"]
[Round "4"]
[White "Nemegejas"]
[Black "KubaGepard"]
[Result "1-0"]
[WhiteElo "2815"]
[BlackElo "2593"]
[TimeControl "180+1"]
[EndTime "8:36:27 PDT"]
[Termination "Nemegejas won by resignation"]

1. d4 d5 2. Nf3 Nf6 3. e3 e6 4.
Bd3 c5 5. b3 Nc6 6. Bb2 cxd4 7.
exd4 Bb4+ 8. Nbd2 Ne4 9. O-O f5 10. a3 Bd6 11. c4 O-O 12. b4 Bd7 13. Qb3 Nxd2 14. Nxd2 dxc4 15. Bxc4 Rf6 16. Nf3 Rh6 17. Rfe1 Qc7 18. h3 Re8 19. d5 exd5 20. Bxd5+ Kh8 21.
Qc3 Rf6 22. Qxf6 1-0

[Event "Early-Titled-Tuesday-Blitz-April-23-2024"]
[Site "Chess.com"]
[Date "2024.04.23"]
[Round "4"]
[White "Kostya0705"]
[Black "Acva-Alenok"]
[Result "0-1"]
[WhiteElo "2534"]
[BlackElo "2362"]
[TimeControl "180+1"]
[EndTime "8:36:27 PDT"]
[Termination "Acva-Alenok won by checkmate"]

1. e4 c6 2. d4 d5 3. e5 Bf5 4.
Bd3 Bxd3 5. Qxd3 e6 6. Nf3 Qa5+ 7. c3 Qa6 8. Qe3 Nh6 9. a4 Nf5 10. Qf4 h5 11. g3 Nd7 12. h3 c5 13. Rg1 cxd4 14. cxd4 Qd3 15. Nc3 g5 16. Nxg5 Bh6 17. g4 Bxg5 18. Qxg5 Nxd4 19. Rg3 Nc2# 0-1

[Event "Early-Titled-Tuesday-Blitz-April-23-2024"]
[Site "Chess.com"]
[Date "2024.04.23"]
[Round "4"]
[White "UnTucopalaTimba"]
[Black "hmatyi07"]
[Result "0-1"]
[WhiteElo "2024"]
[BlackElo "2307"]
[TimeControl "180+1"]
[EndTime "8:36:28 PDT"]
[Termination "hmatyi07 won by resignation"]

1. e4 c5 2. Nf3 e6 3. c3 Nf6 4. e5 Nd5 5. d4 cxd4 6. cxd4 b6 7.
Nc3 Nxc3 8. bxc3 Qc7 9. Bd2 Bb7 10. Be2 d6 11. exd6 Bxd6 12. h3 Nd7 13. O-O Nf6 14.
Bb5+ Bc6 15. Bxc6+ Qxc6 16. Qe2 O-O 17. Rfc1 Rac8 18.
Rc2 Rfd8 19. Ne5 Bxe5 20. Qxe5 Qe4 21. Qxe4 Nxe4 22. Be1 Rxd4 23. Re2 Nxc3 24. Rc2 Rdc4 25. Kf1 Nd5 26. Rxc4 Rxc4 0-1

[Event "Early-Titled-Tuesday-Blitz-April-23-2024"]
[Site "Chess.com"]
[Date "2024.04.23"]
[Round "4"]
[White "Binary010"]
[Black "MikeWizard"]
[Result "1-0"]
[WhiteElo "2846"]
[BlackElo "2193"]
[TimeControl "180+1"]
[EndTime "8:36:29 PDT"]
[Termination "Binary010 won by resignation"]

1. e4 d6 2. d4 Nf6 3. Nc3 Nbd7 4.
Nf3 e5 5. Rg1 h5 6. Bc4 Be7 7. h3 c6 8. Be3 Qc7 9. Bb3 O-O 10. g4 hxg4 11. hxg4 exd4 12. Nxd4 Nc5 13. g5 Nfxe4 14. Nxe4 Nxe4 15. Qh5 d5 16. Rh1 f5 17.
g6 Qh2 18. Rxh2 1-0

[Event "Early-Titled-Tuesday-Blitz-April-23-2024"]
[Site "Chess.com"]
[Date "2024.04.23"]
[Round "4"]
[White "AsselLesbekova"]
[Black "Brave_spirit12"]
[Result "0-1"]
[WhiteElo "2439"]
[BlackElo "2713"]
[TimeControl "180+1"]
[EndTime "8:36:29 PDT"]
[Termination "Brave_spirit12 won by checkmate"]

1. e4 e6 2. d4 d5 3. Bd3 c5 4. exd5 Qxd5 5. Nf3 cxd4 6. O-O Nc6 7. Re1 Nf6 8. Nbd2 Bc5 9. Bc4 Qd6 10. Nb3 Bb6 11. Bb5 Bd7 12. c3 a6 13. Bf1 O-O-O 14.
Nbxd4 Nxd4 15. cxd4 Bc6 16. Be3 Ng4 17. Qe2 Bxf3 18. Qxf3 Qxh2# 0-1

[Event "Early-Titled-Tuesday-Blitz-April-23-2024"]
[Site "Chess.com"]
[Date "2024.04.23"]
[Round "4"]
[White "dianamirza"]
[Black "ImportedItalianMaple"]
[Result "0-1"]
[WhiteElo "1981"]
[BlackElo "2456"]
[TimeControl "180+1"]
[EndTime "8:36:33 PDT"]
[Termination "ImportedItalianMaple won by resignation"]

1. e4 g6 2. d4 Bg7 3. c4 d6 4. Nc3 Nc6 5. Be3 e5 6. d5 Nd4 7. Bxd4 exd4 8. Nb5 Nf6 9. f3 Nh5 10. Ne2 f5 11. Nbxd4 fxe4 12. fxe4 Qh4+ 13. Kd2 Qxe4 14. Kc1 Bh6+ 15. Qd2 Bxd2+ 16. Kxd2 O-O 0-1

[Event "Early-Titled-Tuesday-Blitz-April-23-2024"]
[Site "Chess.com"]
[Date "2024.04.23"]
[Round "4"]
[White "DarZay"]
[Black "jup1978"]
[Result "1-0"]
[WhiteElo "2315"]
[BlackElo "2502"]
[TimeControl "180+1"]
[EndTime "8:36:45 PDT"]
[Termination "DarZay won by resignation"]

1. e4 c5 2. Nf3 d6 3. d4 cxd4 4. Nxd4 Nf6 5. Nc3 Nc6 6. Bc4 Qb6 7. Nb3 e6 8. Be3 Qc7 9. O-O a6 10. a4 Be7 11. f4 b6 12. Nd2 Bb7 13. Bb3 Na5 14.
Qf3 Nxb3 15. cxb3 O-O 16. h3 Qd7 17. Bxb6 Rab8 18. a5 Qc6 19. Qe2 Nd7 20. Be3 Bf6 21. Rac1 Bxc3 22. Rxc3 Qb5 23. Qxb5 axb5 24. Rc7 Nf6 25.
Ba7 Ba6 26. Bxb8 Rxb8 27. b4 g6 28. Rc6 Bb7 29. Rb6 Kf8 30. a6 1-0

[Event "Early-Titled-Tuesday-Blitz-April-23-2024"]
[Site "Chess.com"]
[Date "2024.04.23"]
[Round "4"]
[White "inagreV"]
[Black "Journey_to_GrandMaster_YT"]
[Result "1-0"]
[WhiteElo "2382"]
[BlackElo "2541"]
[TimeControl "180+1"]
[EndTime "8:36:46 PDT"]
[Termination "inagreV won by resignation"]

1. e4 d6 2. d4 Nf6 3. Nc3 e5 4. Nf3 Nbd7 5. Bc4 Be7 6. O-O O-O 7. Re1 c6 8. a4 a5 9. h3 Nb6 10. Bb3 Nfd7 11. Be3 exd4 12. Nxd4 Nc5 13. Qf3 Nxb3 14. cxb3 Nd7 15. Rad1 Qc7 16. Nf5 Ne5 17. Qg3 Bxf5 18. exf5 Rad8 19. Bd4 f6 20. Ne2 d5 21. Nf4 Bd6 22. Ne6 Qd7 23. f4 Rde8 24. fxe5 fxe5 25. Nxf8 Kxf8 26. Bxe5 Bb4 27. Qxg7+ 1-0